[Event "GrandPrix_29.05"]
[Site "Chess.com"]
[Date "2020.05.29"]
[Round "8"]
[White "MaxVavulin"]
[Black "Jaka_Brilej"]
[Result "1-0"]
[WhiteElo "2014"]
[BlackElo "2115"]
[TimeControl "600+2"]
[EndTime "12:47:23 PDT"]
[Termination "MaxVavulin won by resignation"]

1. e4 c5 2. Nf3 Nc6 3. d4 cxd4 4. Nxd4 Nf6 5. Nc3 e5 6. Ndb5 d6 7. Bg5 a6 8. Na3 b5 9. Bxf6 gxf6 10. Nd5 f5 11.
Bxb5 axb5 12. Nxb5 Ra4 13. b4 Nxb4 14. c3 Nxd5 15. Qxa4 Nb6 16. Nxd6+ Ke7 17. Nxc8+ Nxc8 18. exf5 Nd6 19. f6+ Kxf6 20. Qh4+ 1-0

[Event "GrandPrix_29.05"]
[Site "Chess.com"]
[Date "2020.05.29"]
[Round "8"]
[White "madamDD"]
[Black "Herracek"]
[Result "1-0"]
[WhiteElo "2458"]
[BlackElo "2391"]
[TimeControl "600+2"]
[EndTime "12:47:55 PDT"]
[Termination "madamDD won by resignation"]

1. e4 c5 2. Nc3 Nc6 3. Bb5 Nd4 4. Nf3 Nxb5 5. Nxb5 g6 6. d4 Bg7 7. e5 Qa5+ 8. Nc3 cxd4 9. Qxd4 Nh6 10. Bxh6 Bxh6 11. e6 f6 12. exd7+ Bxd7 13. O-O Bc6 14. Rfe1 Rd8 15. Qxf6 Kd7 16. Ne5+ Kc8 17. Nxc6 bxc6 18. Qxc6+ Kb8 19. Rxe7 1-0

[Event "GrandPrix_29.05"]
[Site "Chess.com"]
[Date "2020.05.29"]
[Round "8"]
[White "GM_RobertoMogranzini"]
[Black "ninullia"]
[Result "0-1"]
[WhiteElo "2131"]
[BlackElo "2364"]
[TimeControl "600+2"]
[EndTime "12:48:07 PDT"]
[Termination "ninullia won by resignation"]

1. c4 e5 2. g3 Nc6 3. Bg2 g6 4.
Nc3 Bg7 5. e4 Nge7 6. Nge2 O-O 7. O-O d6 8. d3 Bg4 9. f3 Be6 10. Nd5 h6 11. Be3 f5 12. Qd2 Kh7 13. Rac1 Nd4 14.
Bxd4 exd4 15. f4 c6 16. Nxe7 Qxe7 17. b4 fxe4 18. dxe4 c5 19. Qd3 b5 20. cxb5 c4 21. Rxc4 Bxc4 22. Qxc4 Rac8 23. Qd3 Qc7 24. Nxd4 Qb6 25.
Rd1 Bxd4+ 26. Qxd4 Rc1 0-1

[Event "GrandPrix_29.05"]
[Site "Chess.com"]
[Date "2020.05.29"]
[Round "8"]
[White "bratkoo"]
[Black "Gareth-Bale11"]
[Result "0-1"]
[WhiteElo "2189"]
[BlackElo "2419"]
[TimeControl "600+2"]
[EndTime "12:48:38 PDT"]
[Termination "Gareth-Bale11 won by resignation"]

1. e4 c5 2. Nf3 d6 3. d4 cxd4 4. Nxd4 Nf6 5. Nc3 a6 6. h3 e5 7. Nf3 Be7 8. Bg5 Be6 9. Be2 Nbd7 10. O-O O-O 11. a4 Rc8 12. Bxf6 Nxf6 13. a5 Rc5 14.
Qd2 Rxa5 15. Rad1 Rc5 16. Qe3 Qc7 17. Nd2 b5 18. Nb3 Rc6 19. Bd3 g6 20. Ra1 Rc8 21. Na5 Rb6 22. Ne2 d5 23. exd5 Nxd5 24. Qd2 Rd8 25.
c3 Rbd6 26. Bc2 Nf4 27. Qe3 Nxe2+ 28. Qxe2 Rd2 29. Qe4 Bd5 0-1

[Event "GrandPrix_29.05"]
[Site "Chess.com"]
[Date "2020.05.29"]
[Round "8"]
[White "grunbergmihai"]
[Black "anesar92"]
[Result "0-1"]
[WhiteElo "2388"]
[BlackElo "2447"]
[TimeControl "600+2"]
[EndTime "12:49:07 PDT"]
[Termination "anesar92 won by resignation"]

1. Nf3 c5 2. c4 Nc6 3. d4 cxd4 4. Nxd4 g6 5. e4 Nf6 6. Nc3 Nxd4 7. Qxd4 d6 8. Be2 Bg7 9. Be3 O-O 10. Qd2 a5 11.
Rc1 a4 12. f3 Qa5 13. Nb5 Qxd2+ 14. Kxd2 Nd7 15. Nc7 Ra5 16. b4 axb3 17. axb3 Nc5 18.
Bxc5 dxc5 19. Nd5 e6 20. Ne7+ Kh8 21. Nxc8 Bh6+ 22. Kc2 Bxc1 23. Nd6 Bf4 0-1

[Event "GrandPrix_29.05"]
[Site "Chess.com"]
[Date "2020.05.29"]
[Round "8"]
[White "vpantev"]
[Black "mishanick"]
[Result "0-1"]
[WhiteElo "2781"]
[BlackElo "2974"]
[TimeControl "600+2"]
[EndTime "12:49:26 PDT"]
[Termination "mishanick won by resignation"]

1. d4 Nf6 2. Nf3 d5 3. Bf4 c5 4.
c3 e6 5. e3 Bd6 6. Bg3 O-O 7.
Nbd2 Qc7 8. Bd3 Nbd7 9. O-O e5 10. dxe5 Nxe5 11. Nxe5 Bxe5 12. Nf3 Bxg3 13. hxg3 Bg4 14. Qc2 Rfe8 15. c4 h6 16. cxd5 Nxd5 17. a3 Rad8 18. Be2 Qe7 19. Qa4 Bh5 20. Rfd1 b6 21. Rac1 Nxe3 22. Rxd8 Rxd8 23. fxe3 Qxe3+ 24. Kh2 Qxc1 25. Qxa7 Qxb2 26. Bc4 Qf6 27. Qc7 Bxf3 28. Bxf7+ Kf8 29. gxf3 Rd2+ 30. Kh3 Qf5+ 31. g4 Qxf3+ 32. Qg3 Qh1+ 0-1

[Event "GrandPrix_29.05"]
[Site "Chess.com"]
[Date "2020.05.29"]
[Round "8"]
[White "Spartakus1975"]
[Black "mishikomchedlishvili"]
[Result "1-0"]
[WhiteElo "2612"]
[BlackElo "2370"]
[TimeControl "600+2"]
[EndTime "12:49:44 PDT"]
[Termination "Spartakus1975 won by resignation"]

1. e4 c5 2. c3 Nf6 3. e5 Nd5 4. Nf3 e6 5. d4 cxd4 6. cxd4 b6 7. Bc4 Bb7 8. O-O Na6 9. Nc3 Nac7 10. Ne4 d6 11.
Nfg5 h6 12. Qa4+ Qd7 13. Qxd7+ Kxd7 14. Nxf7 Rg8 15. exd6 b5 16. Be2 Ke8 17. Ne5 1-0

[Event "GrandPrix_29.05"]
[Site "Chess.com"]
[Date "2020.05.29"]
[Round "8"]
[White "HElissalt"]
[Black "Arasvard"]
[Result "1-0"]
[WhiteElo "1993"]
[BlackElo "2001"]
[TimeControl "600+2"]
[EndTime "12:49:49 PDT"]
[Termination "HElissalt won by resignation"]

1. d4 Nf6 2. c4 c5 3. d5 b5 4. e3 bxc4 5. Bxc4 e6 6. Nc3 Bb7 7. Nf3 Na6 8. O-O Nc7 9. e4 exd5 10. exd5 d6 11. Re1+ Be7 12. Qd3 O-O 13. Bg5 Re8 14.
Re2 Nfxd5 15. Nxd5 Nxd5 16. Bxd5 1-0

[Event "GrandPrix_29.05"]
[Site "Chess.com"]
[Date "2020.05.29"]
[Round "8"]
[White "payto1"]
[Black "StephenDedalus83"]
[Result "1/2-1/2"]
[WhiteElo "2153"]
[BlackElo "2109"]
[TimeControl "600+2"]
[EndTime "12:49:59 PDT"]
[Termination "Game drawn by repetition"]

1. d4 g6 2. e4 Bg7 3. f4 d5 4. e5 c5 5. c3 Nc6 6. h3 h5 7. Nf3 cxd4 8. cxd4 Nh6 9. Bd3 Bf5 10. O-O Bxd3 11. Qxd3 Nf5 12. Nc3 h4 13. Be3 e6 14.
Rad1 Qb6 15. b3 Rc8 16. Bf2 Bf8 17. Ne2 Nb4 18. Qb1 Rc2 19. Rd2 Rxd2 20. Nxd2 Qa6 21. Nc1 Bh6 22. a3 Qxa3 23. Nd3 O-O 24. Nf3 Nxd3 25. Qxd3 Bxf4 26. Nxh4 Rc8 27. Nxf5 exf5 28. Qb5 Rc1 29. g3 Rxf1+ 30. Kxf1 Qc1+ 31. Kg2 Be3 32. Qe8+ Kg7 33. e6 fxe6 34. Qe7+ Kh6 35. Qh4+ Kg7 36.
Qe7+ Kh6 37. Qh4+ Kg7 38. Qe7+ 1/2-1/2

[Event "GrandPrix_29.05"]
[Site "Chess.com"]
[Date "2020.05.29"]
[Round "8"]
[White "Kildepiotr"]
[Black "Sunerorlater"]
[Result "0-1"]
[WhiteElo "2083"]
[BlackElo "2248"]
[TimeControl "600+2"]
[EndTime "12:50:20 PDT"]
[Termination "Sunerorlater won by resignation"]

1. Nf3 d5 2. g3 g6 3. Bg2 Bg7 4. d4 Nf6 5. O-O O-O 6. c4 dxc4 7. Na3 Nc6 8. Nxc4 Be6 9. Nce5 Bd5 10. Bf4 a5 11. Nxc6 Bxc6 12. Be5 Bd5 13. a3 c6 14. Rc1 Qb6 15. Qc2 Be4 16. Qd2 Bd5 17. Qc2 Rfe8 18. Nd2 Bxg2 19. Kxg2 Qb5 20. Nc4 Bh6 21.
Rcd1 Nd7 22. g4 Nxe5 23. Nxe5 Bg7 24. Nc4 Rad8 25. e3 Qd5+ 26. f3 Qe6 27. Rfe1 Rd5 28. a4 h5 29. h3 c5 30. dxc5 Rxc5 31. b3 b5 32. axb5 Rxb5 33. Rd3 a4 34. Nd2 Rc8 35.
Qa2 axb3 36. Rxb3 Rd8 37. Reb1 Rxd2+ 38. Qxd2 Rxb3 39. Rxb3 Qxb3 40. Qd8+ Bf8 41. gxh5 gxh5 42. e4 Qb2+ 43. Kg3 Qg7+ 44. Kf2 Qg5 45. Qb8 h4 46. Qc8 e6 0-1

[Event "GrandPrix_29.05"]
[Site "Chess.com"]
[Date "2020.05.29"]
[Round "8"]
[White "Tokarev_Sergey"]
[Black "Cocolino12"]
[Result "1/2-1/2"]
[WhiteElo "1995"]
[BlackElo "2240"]
[TimeControl "600+2"]
[EndTime "12:50:20 PDT"]
[Termination "Game drawn by repetition"]

1. c4 c6 2. Nc3 d5 3. cxd5 cxd5 4. d4 Nf6 5. Nf3 Nc6 6. g3 Bf5 7. Bg2 e6 8. O-O Be7 9. Bf4 O-O 10. Ne5 Nxe5 11.
dxe5 Nd7 12. e4 dxe4 13. Bxe4 Bxe4 14. Nxe4 Nb6 15. Nd6 Bxd6 16. exd6 Nd5 17. Qb3 Nxf4 18. gxf4 Qxd6 19. Qg3 Rac8 20. Rad1 Qb6 21. b3 Rfd8 22. Rc1 Qa5 23. a4 Qf5 24. Rfd1 Rxc1 25. Rxc1 h5 26. Qg5 Qxg5+ 27. fxg5 Rd3 28. Rc8+ Kh7 29. Rc7 Rxb3 30. Rxf7 Kg6 31. Re7 Rb4 32. Rxe6+ Kxg5 33. Re7 g6 34. a5 h4 35. Kg2 Rb3 36. a6 h3+ 37.
Kf1 bxa6 38. Rxa7 Rb1+ 39. Ke2 Rh1 40. Kf3 Ra1 41. Kg3 Ra3+ 42. f3 Kf5 43. Rc7 a5 44. Rc5+ Kf6 45. Kxh3 Rxf3+ 46. Kg4 Rf5 47. Rc6+ Kg7 48.
Ra6 Kh6 49. h4 Rb5 50. Ra8 Rb4+ 51. Kg3 a4 52. Kh3 Kg7 53. Ra6 Kf7 54. Kg3 Kg7 55.
Kh3 Kh6 56. Ra8 Rd4 57. Kg3 Rb4 58. Kh3 1/2-1/2

[Event "GrandPrix_29.05"]
[Site "Chess.com"]
[Date "2020.05.29"]
[Round "8"]
[White "DenisQ"]
[Black "arminmusovic"]
[Result "1-0"]
[WhiteElo "2245"]
[BlackElo "2229"]
[TimeControl "600+2"]
[EndTime "12:50:43 PDT"]
[Termination "DenisQ won by resignation"]

1. c4 e5 2. Nc3 Nf6 3. g3 c6 4.
Nf3 e4 5. Nd4 d5 6. cxd5 Bc5 7.
Nb3 Bb6 8. d3 exd3 9. Qxd3 cxd5 10. Bg2 Be6 11. O-O Nc6 12. Bg5 Ne5 13. Qb5+ Bd7 14.
Qb4 Nc6 15. Qh4 d4 16. Ne4 h6 17. Nxf6+ Kf8 18. Nh7+ Kg8 19. Bxd8 d3 1-0

[Event "GrandPrix_29.05"]
[Site "Chess.com"]
[Date "2020.05.29"]
[Round "8"]
[White "etserga"]
[Black "SavelievAlexei"]
[Result "1-0"]
[WhiteElo "2164"]
[BlackElo "2187"]
[TimeControl "600+2"]
[EndTime "12:51:08 PDT"]
[Termination "etserga won by resignation"]

1. Nf3 Nf6 2. c4 c5 3. Nc3 Nc6 4. d4 cxd4 5. Nxd4 e6 6. g3 b6 7. Bg2 Bb7 8. Ndb5 d6 9. Bf4 e5 10. Bg5 a6 11. Bxf6 gxf6 12. Na3 Rc8 13. O-O h5 14. Qd2 h4 15. Nd5 Bh6 16. Qd3 Ba8 17. Rad1 Nd4 18. e3 Ne6 19. f4 hxg3 20. hxg3 Bg7 21. Qf5 Rh6 22. fxe5 dxe5 23. Nc3 Qe7 24. Bd5 Rg6 25. Kg2 Bh6 26. Ne4 Rd8 27. Nxf6+ Kf8 28. Nd7+ Kg8 29. Nxe5 Rg5 30. Qxf7+ Qxf7 31. Nxf7 1-0

[Event "GrandPrix_29.05"]
[Site "Chess.com"]
[Date "2020.05.29"]
[Round "8"]
[White "Gabrielian_Artur"]
[Black "tsvet2005"]
[Result "0-1"]
[WhiteElo "2365"]
[BlackElo "2353"]
[TimeControl "600+2"]
[EndTime "12:51:16 PDT"]
[Termination "tsvet2005 won by resignation"]

1. e4 c5 2. Nc3 d6 3. d4 cxd4 4. Qxd4 Nc6 5. Qd2 Nf6 6. b3 e6 7.
Bb2 d5 8. exd5 exd5 9. Bd3 d4 10. Qe2+ Be6 11. Ne4 Bb4+ 12. Kf1 O-O 13. Nxf6+ Qxf6 14. Qe4 g6 15. Nf3 Rad8 16. Qh4 Qxh4 17. Nxh4 Ne5 18. Rd1 Be7 19. Nf3 Nxf3 20. gxf3 Bh3+ 21. Ke2 Rfe8 22. Rb1 Bg5+ 23. Kd1 Bg2 24. Re1 Bxf3+ 25. Re2 Re6 0-1

[Event "GrandPrix_29.05"]
[Site "Chess.com"]
[Date "2020.05.29"]
[Round "8"]
[White "BogdanDeac"]
[Black "pheonixking2000"]
[Result "1-0"]
[WhiteElo "2470"]
[BlackElo "2485"]
[TimeControl "600+2"]
[EndTime "12:51:46 PDT"]
[Termination "BogdanDeac won by resignation"]

1. Nf3 Nf6 2. c4 e6 3. Nc3 d5 4. d4 c6 5. Bg5 h6 6. Bxf6 Qxf6 7.
Qb3 Nd7 8. e4 dxe4 9. Nxe4 Qd8 10. Bd3 Be7 11. O-O O-O 12. Rad1 Nf6 13. Ne5 Qb6 14. Qc3 Rd8 15. c5 Qc7 16. Nxf6+ Bxf6 17. Be4 Bd7 18. Qe3 Be8 19. Ng4 Be7 20. Nxh6+ gxh6 21. Qxh6 f5 22. Qxe6+ Bf7 23. Qxf5 Qd7 24. Qh7+ Kf8 25. Qh8+ Bg8 26. Qh6+ Kf7 27. Bg6+ Kf6 28. Be8+ 1-0

[Event "GrandPrix_29.05"]
[Site "Chess.com"]
[Date "2020.05.29"]
[Round "8"]
[White "Khvicha_Supatashvili"]
[Black "nurgyulsalimova"]
[Result "1-0"]
[WhiteElo "2132"]
[BlackElo "2117"]
[TimeControl "600+2"]
[EndTime "12:51:53 PDT"]
[Termination "Khvicha_Supatashvili won by resignation"]

1. d4 Nf6 2. c4 g6 3. Nc3 d5 4. cxd5 Nxd5 5. e4 Nxc3 6. bxc3 Bg7 7. Bg5 c5 8. Rc1 O-O 9. Nf3 b6 10. d5 Bg4 11. Be2 h6 12. Bh4 Nd7 13. O-O Nf6 14.
Ne5 Bd7 15. Nxd7 Qxd7 16. e5 Nh7 17. f4 f6 18. e6 Qd6 19. f5 Rad8 20. c4 Qe5 21.
fxg6 Ng5 22. Bg3 Qe3+ 23. Bf2 Qe4 24. Bd3 Qe5 25. Re1 Qf4 26. h4 1-0

[Event "GrandPrix_29.05"]
[Site "Chess.com"]
[Date "2020.05.29"]
[Round "8"]
[White "ZverevLev"]
[Black "Bestromano"]
[Result "0-1"]
[WhiteElo "2174"]
[BlackElo "2209"]
[TimeControl "600+2"]
[EndTime "12:52:06 PDT"]
[Termination "Bestromano won by resignation"]

1. e4 c5 2. Nf3 g6 3. d4 cxd4 4. Nxd4 Nc6 5. Nc3 Bg7 6. Be3 Nf6 7. Bc4 O-O 8. Bb3 d6 9. f3 Nxd4 10. Bxd4 Be6 11. Qd2 Qa5 12. h4 Bxb3 13. cxb3 Rac8 14. h5 Nxh5 15. Bxg7 Kxg7 16. g4 Nf6 17. Qh6+ Kg8 18. Ke2 Rc5 19. Rad1 Rxc3 20. bxc3 Qxa2+ 21. Rd2 Qxb3 22.
Qe3 Rc8 23. Rc1 Rc5 24. Kf2 a5 25. Kg3 a4 26. Rh2 Qe6 27. Rch1 Qe5+ 28. Qf4 Nxe4+ 0-1

[Event "GrandPrix_29.05"]
[Site "Chess.com"]
[Date "2020.05.29"]
[Round "8"]
[White "Ave_Mariia"]
[Black "DarkAlekhine"]
[Result "1-0"]
[WhiteElo "2166"]
[BlackElo "2022"]
[TimeControl "600+2"]
[EndTime "12:52:17 PDT"]
[Termination "Ave_Mariia won by resignation"]

1. c4 g6 2. g3 Bg7 3. Bg2 Nf6 4. Nc3 O-O 5. Nf3 d6 6. O-O Nc6 7. d3 e5 8. Rb1 a5 9. a3 Re8 10. b4 axb4 11. axb4 e4 12. dxe4 Nxe4 13. Nxe4 Rxe4 14. b5 Nd4 15. Nxd4 Rxd4 16. Qb3 Be6 17. Bxb7 Bxc4 18. Qf3 Ra2 19. Bb2 Bxe2 20. Qxe2 Rb4 21. Bf6 Rxe2 22. Bxd8 Rxb1 23. Rxb1 Bd4 24. Rf1 Bb6 25. Bg5 Kg7 26. Kg2 h6 27. Bc1 f5 28. Kf3 Re5 29.
Bc6 d5 30. Bb2 d4 31. Rd1 1-0

[Event "GrandPrix_29.05"]
[Site "Chess.com"]
[Date "2020.05.29"]
[Round "8"]
[White "RogerFederer13"]
[Black "Promacherr"]
[Result "1-0"]
[WhiteElo "2127"]
[BlackElo "2149"]
[TimeControl "600+2"]
[EndTime "12:52:50 PDT"]
[Termination "RogerFederer13 won by checkmate"]

1. e4 e6 2. d4 d5 3. Nd2 c5 4.
exd5 Qxd5 5. Ngf3 cxd4 6. Bc4 Qd6 7. O-O Nf6 8. Nb3 Nc6 9. Nbxd4 Nxd4 10. Nxd4 a6 11. Re1 Qc7 12. Bb3 Bd7 13. Bg5 O-O-O 14. Qf3 Bd6 15. h3 Qc5 16. Bxf6 gxf6 17. Qxf6 Rhg8 18.
Rad1 Rg6 19. Qxf7 Rdg8 20. g4 Qh5 21. Qf3 Bc5 22. Bxe6 Bxe6 23. Nxe6 Rxg4+ 24. hxg4 Rxg4+ 25. Kf1 Rg1+ 26. Kxg1 Qxf3 27. Rd8# 1-0

[Event "GrandPrix_29.05"]
[Site "Chess.com"]
[Date "2020.05.29"]
[Round "8"]
[White "Poghosyan_Suren"]
[Black "gygygygygyggygygygy"]
[Result "1-0"]
[WhiteElo "2105"]
[BlackElo "1989"]
[TimeControl "600+2"]
[EndTime "12:52:54 PDT"]
[Termination "Poghosyan_Suren won by resignation"]

1. e4 Nf6 2. Nc3 e5 3. Nf3 Nc6 4. Be2 d5 5. exd5 Nxd5 6. O-O Bc5 7. Re1 O-O 8. Bc4 Nb6 9. Bb5 f6 10. Bxc6 bxc6 11. d3 Bg4 12. Ne4 Be7 13. Ng3 Nd5 14. h3 Bc8 15. d4 exd4 16. Nxd4 Bc5 17. Nxc6 Qd6 18. c4 Bxf2+ 19. Kxf2 Qc5+ 20. Qd4 1-0

[Event "GrandPrix_29.05"]
[Site "Chess.com"]
[Date "2020.05.29"]
[Round "8"]
[White "Sakkcapak"]
[Black "TheEternalPatzer"]
[Result "1-0"]
[WhiteElo "2115"]
[BlackElo "1983"]
[TimeControl "600+2"]
[EndTime "12:52:57 PDT"]
[Termination "Sakkcapak won by resignation"]

1. c4 e6 2. g3 d5 3. Bg2 Nf6 4. Nf3 Be7 5. O-O O-O 6. b3 c5 7. cxd5 exd5 8. d4 Ne4 9. Bb2 Bf6 10. Nc3 Nc6 11. Nxe4 dxe4 12. Nd2 Bxd4 13. Bxd4 cxd4 14. Nxe4 Re8 15. Re1 Bf5 16. Nc5 Qb6 17. Rc1 Rac8 18. Qd2 Red8 19. Qg5 Bg6 20. Nxb7 h6 21. Rxc6 Rxc6 22.
Qxd8+ Qxd8 23. Nxd8 Rc2 24. Nc6 Rxa2 25. Ne7+ Kh7 26.
Nxg6 fxg6 27. Bd5 h5 28. Bc4 a5 29. Rd1 1-0

[Event "GrandPrix_29.05"]
[Site "Chess.com"]
[Date "2020.05.29"]
[Round "8"]
[White "Alexander_Moskalenko"]
[Black "Bulldog167"]
[Result "1-0"]
[WhiteElo "2431"]
[BlackElo "2394"]
[TimeControl "600+2"]
[EndTime "12:53:30 PDT"]
[Termination "Alexander_Moskalenko won by resignation"]

1. e4 e5 2. Nf3 Nc6 3. Nc3 Nf6 4. d4 exd4 5. Nxd4 Bb4 6. Nxc6 bxc6 7. Bd3 d5 8. exd5 O-O 9. O-O cxd5 10. h3 c6 11. Qf3 Re8 12. Bf4 Bd6 13. Rfe1 Be6 14. Ne2 c5 15. Rad1 Qc7 16. c3 Rab8 17. b3 a5 18. Bc2 a4 19. Bg5 axb3 20. axb3 Ne4 21. Bf4 Nxc3 22. Nxc3 Bxf4 23. Nxd5 Bxd5 24. Qxd5 g6 25.
g3 Rxe1+ 26. Rxe1 Bxg3 27. fxg3 Qxg3+ 28. Kf1 Rb4 29. Re8+ Kg7 30. Qe5+ Qxe5 31. Rxe5 c4 32. Re4 1-0

[Event "GrandPrix_29.05"]
[Site "Chess.com"]
[Date "2020.05.29"]
[Round "8"]
[White "Margency"]
[Black "PavelShkapenko"]
[Result "1/2-1/2"]
[WhiteElo "2279"]
[BlackElo "2395"]
[TimeControl "600+2"]
[EndTime "12:53:33 PDT"]
[Termination "Game drawn by agreement"]

1. e4 c5 2. Nf3 e6 3. d4 cxd4 4. Nxd4 Nf6 5. Nc3 Nc6 6. Ndb5 Bb4 7. a3 Bxc3+ 8. Nxc3 d5 9. exd5 exd5 10. Bd3 d4 11. Ne2 Bf5 12. O-O Bg6 13. b4 O-O 14. Bb2 Rc8 15. Bxg6 hxg6 16. Nxd4 Qd5 17. c4 Qxc4 18. Rc1 Qd5 19. Nxc6 Rxc6 20. Qxd5 Nxd5 21. Rxc6 bxc6 22. Rc1 Rc8 23. Bd4 a6 24. Rc5 Rd8 25. g3 Nxb4 26. Rc4 Nc2 27. Rxc2 Rxd4 28. Rxc6 Ra4 29. Rc3 1/2-1/2

[Event "GrandPrix_29.05"]
[Site "Chess.com"]
[Date "2020.05.29"]
[Round "8"]
[White "DaVinci81"]
[Black "ArnaudovP"]
[Result "1-0"]
[WhiteElo "2521"]
[BlackElo "2347"]
[TimeControl "600+2"]
[EndTime "12:53:36 PDT"]
[Termination "DaVinci81 won by resignation"]

1. e4 e5 2. Nf3 Nc6 3. Bb5 a6 4. Ba4 Nf6 5. O-O Be7 6. Re1 b5 7. Bb3 d6 8. a4 Bd7 9. c3 O-O 10. d4 h6 11. Nh4 Na5 12. Ba2 c5 13. Ng6 Re8 14. dxe5 dxe5 15. Nxe5 c4 16. Nxd7 Nxd7 17. Be3 Qc7 18. Nd2 Nc5 19. axb5 axb5 20. Bb1 Rad8 21. Qg4 Kh8 22. Nf3 Nab3 23. Ra2 Bf8 24. e5 g6 25. Qh4 Kh7 26. e6 Bg7 27. exf7 Rxe3 28. fxe3 Rd5 1-0

[Event "GrandPrix_29.05"]
[Site "Chess.com"]
[Date "2020.05.29"]
[Round "8"]
[White "BakaPG"]
[Black "Zakaryan_David"]
[Result "1-0"]
[WhiteElo "2207"]
[BlackElo "1463"]
[TimeControl "600+2"]
[EndTime "12:53:49 PDT"]
[Termination "BakaPG won by resignation"]

1. e4 e5 2. Nf3 Nc6 3. Bb5 a6 4. Ba4 Nge7 5. O-O g6 6. d4 exd4 7. c3 Bg7 8. Nxd4 O-O 9. Bg5 h6 10. Bh4 g5 11. Bg3 d6 12. f4 gxf4 13. Bxf4 Nxd4 14.
cxd4 Ng6 15. Be3 b5 16. Bb3 Be6 17. Nc3 Qh4 18. g3 Qd8 19. Qd2 Kh7 20. Nd5 c6 21.
Nf4 Bxb3 22. axb3 Qe7 23. Nh5 Rh8 24. Rae1 Rae8 25. Rf5 Qe6 26. Ref1 Re7 27. d5 cxd5 28. Nxg7 Kxg7 29. Bd4+ Ne5 30. exd5 Qg6 31. Qf4 Rhe8 32.
Rf6 Qg5 33. Rxd6 Kg8 34. Rxh6 Qxf4 35. gxf4 Ng6 36. Bf6 Re4 37. f5 Rg4+ 38. Kh1 1-0

[Event "GrandPrix_29.05"]
[Site "Chess.com"]
[Date "2020.05.29"]
[Round "8"]
[White "XeresLt"]
[Black "WhiteCapital80"]
[Result "0-1"]
[WhiteElo "1895"]
[BlackElo "2167"]
[TimeControl "600+2"]
[EndTime "12:53:51 PDT"]
[Termination "WhiteCapital80 won by resignation"]

1. e4 e6 2. d4 d5 3. Nc3 Nf6 4. e5 Ne4 5. Nxe4 dxe4 6. Be3 c5 7. dxc5 Nd7 8. Qg4 Nxc5 9. Bb5+ Nd7 10. O-O-O Qa5 11.
a4 a6 12. Bd2 Qc7 13. Bxd7+ Bxd7 14. Qxe4 Bc6 15. Qg4 h5 16. Qg5 Bxa4 17. Bc3 b5 18. Rd2 b4 19. Bd4 Rc8 20. c3 Bb3 21. Qe3 Qa5 22. Qd3 bxc3 23. Bxc3 Qa1+ 24. Qb1 Rxc3+ 25. bxc3 Ba3+ 0-1

[Event "GrandPrix_29.05"]
[Site "Chess.com"]
[Date "2020.05.29"]
[Round "8"]
[White "VincentKeymer"]
[Black "DenLaz"]
[Result "1-0"]
[WhiteElo "2759"]
[BlackElo "2725"]
[TimeControl "600+2"]
[EndTime "12:54:13 PDT"]
[Termination "VincentKeymer won by resignation"]

1. Nf3 d5 2. e3 Nf6 3. c4 c6 4. Nc3 Bf5 5. cxd5 cxd5 6. Qb3 Bc8 7.
d4 e6 8. Bd3 Nc6 9. O-O Be7 10.
Bd2 O-O 11. Rfc1 Bd7 12. Na4 b6 13. Qd1 Bd6 14. Nc3 Qe7 15. e4 Nb4 16. Bg5 dxe4 17.
Nxe4 Nbd5 18. Ne5 Rfc8 19. Bxf6 gxf6 20. Nxd6 Qxd6 21. Bxh7+ Kf8 22. Nxd7+ Qxd7 23. Be4 Ke7 24. g3 Rab8 25. Qb3 f5 26. Bxd5 Qxd5 27. Qxd5 exd5 28. Kg2 Rc4 29. Rxc4 dxc4 30. Re1+ Kf6 31. Kf3 b5 32. Re5 a6 33. Kf4 Rd8 34. Rxf5+ Kg6 35. Ke4 f6 36.
Rc5 Re8+ 37. Kf3 Re1 38. b3 cxb3 39. axb3 Rb1 40. Rc3 Kf5 41. h4 Ke6 42. Rc6+ Kf5 43. g4+ Kg6 44. Rxa6 Rxb3+ 45. Ke4 Rh3 46. g5 Rxh4+ 47.
f4 1-0

[Event "GrandPrix_29.05"]
[Site "Chess.com"]
[Date "2020.05.29"]
[Round "8"]
[White "RussianChessFighter"]
[Black "ZEN-22"]
[Result "0-1"]
[WhiteElo "2135"]
[BlackElo "2186"]
[TimeControl "600+2"]
[EndTime "12:54:15 PDT"]
[Termination "ZEN-22 won by resignation"]

1. c4 d5 2. cxd5 c6 3. dxc6 Nxc6 4. Nc3 e5 5. g3 Bc5 6. Bg2 Qb6 7.
Na4 Bxf2+ 8. Kf1 Bxg1 9. Nxb6 Bxb6 10. b3 Nf6 11. Ba3 Ng4 12. Qc2 Nd4 13. Qc4 Be6 14. Qb4 O-O-O 15. Rc1+ Kb8 16. h3 Nf2 17. Rh2 f5 18.
Bxb7 Kxb7 19. Rxf2 Rc8 20. Qe7+ Ka8 21. e3 Rce8 22.
Qd6 Rd8 23. Qb4 f4 24. exd4 Bxh3+ 25. Kg1 fxg3 26. Rf7 Rxd4 27. Qe7 Rc4+ 0-1

[Event "GrandPrix_29.05"]
[Site "Chess.com"]
[Date "2020.05.29"]
[Round "8"]
[White "Pidzsy"]
[Black "MirMan90"]
[Result "1-0"]
[WhiteElo "2285"]
[BlackElo "2265"]
[TimeControl "600+2"]
[EndTime "12:54:21 PDT"]
[Termination "Pidzsy won by resignation"]

1. e4 c5 2. Nf3 d6 3. d4 cxd4 4. Nxd4 Nf6 5. Nc3 g6 6. Be3 Bg7 7. f3 Nc6 8. Qd2 O-O 9. O-O-O Nxd4 10. Bxd4 Be6 11. Kb1 Qc7 12. h4 Rfc8 13. h5 Qa5 14. hxg6 hxg6 15. a3 Rab8 16. Bd3 Bc4 17. Bxc4 Rxc4 18.
Bxf6 Bxf6 19. Nd5 Qxd2 20. Nxf6+ Kg7 21. Nh5+ gxh5 22. Rxd2 Rc5 23. c3 Rh8 24. Kc2 h4 25. Kd3 Rg5 26. Ke3 Kf6 27. Rh2 Rg3 28. Kf4 Rhg8 29. a4 R8g4+ 30. Ke3 e6 31. Kf2 Rg8 32. Rxd6 h3 33. gxh3 Ke5 34. Rd7 Rg1 35. Rxf7 b6 36.
Rxa7 Rd1 37. Ke3 Rgd8 38. f4+ Kf6 39. e5+ Kg6 40. Rg2+ Kh6 41. Re7 1-0

[Event "GrandPrix_29.05"]
[Site "Chess.com"]
[Date "2020.05.29"]
[Round "8"]
[White "AnotherGrumpy"]
[Black "KacperKacprzak"]
[Result "0-1"]
[WhiteElo "1895"]
[BlackElo "2052"]
[TimeControl "600+2"]
[EndTime "12:54:40 PDT"]
[Termination "KacperKacprzak won by resignation"]

1. d4 Nf6 2. c4 d6 3. Nc3 Nbd7 4. g3 g6 5. Bg2 Bg7 6. Nf3 O-O 7. O-O e5 8. e4 Re8 9. h3 exd4 10. Nxd4 Nc5 11.
Re1 a5 12. Qc2 Bd7 13. Be3 Qe7 14. Rad1 h5 15. Bg5 Qf8 16. Bxf6 Bxf6 17. Nd5 Bd8 18. b3 Qg7 19. a3 c6 20. Nf4 Bf6 21. Nf3 Qf8 22. b4 axb4 23. axb4 Ne6 24. e5 Nxf4 25. gxf4 Bf5 26. Qb3 dxe5 27. fxe5 Be7 28. b5 Ra3 29.
Qb2 Bxh3 30. Bxh3 Rxf3 31. Bg2 Rf4 32. bxc6 bxc6 33. Bxc6 Rb8 34. Qc2 Bc5 35. Re2 Qh6 36. e6 fxe6 37. Kf1 Rbf8 38. f3 Qg5 39. Rg2 Rxf3+ 40.
Bxf3 Rxf3+ 41. Ke1 Bb4+ 42. Rdd2 Qxg2 0-1

[Event "GrandPrix_29.05"]
[Site "Chess.com"]
[Date "2020.05.29"]
[Round "8"]
[White "Gurvich_Vitaly"]
[Black "Borisss85"]
[Result "1-0"]
[WhiteElo "2426"]
[BlackElo "2191"]
[TimeControl "600+2"]
[EndTime "12:54:44 PDT"]
[Termination "Gurvich_Vitaly won by resignation"]

1. e4 c5 2. Nf3 e6 3. g3 Nc6 4.
Bg2 Nf6 5. d3 d5 6. exd5 exd5 7.
O-O Be7 8. d4 O-O 9. dxc5 Bxc5 10. Nbd2 h6 11. Nb3 Bb6 12. Nfd4 Bg4 13. Qd3 Qd7 14.
Bf4 Rac8 15. c3 Bh3 16. Rfe1 Rfe8 17. Nxc6 bxc6 18. Be3 Bxg2 19. Kxg2 Bxe3 20. Rxe3 Rxe3 21. Qxe3 Re8 22. Qf3 Ng4 23. Nc5 Qc8 24. b4 Ne5 25.
Qf4 Nc4 26. Qf3 Qc7 27. Rd1 a5 28. a4 axb4 29. cxb4 Qb6 30. Nd3 Qa7 31. a5 Qe7 32. Re1 Qd8 33. Ra1 Nd2 34. Qf4 Nc4 35. a6 Qa8 36.
Nc5 Rb8 37. a7 Rxb4 38. Qc7 d4 39. Ra4 Rxa4 40. Qb8+ 1-0